 Dungeon Crawl Stone Soup version 0.30-a0-272-gf98c3da03f (webtiles) character file.

Game seed: 174838114981908319

1533 qw the Cleaver (level 8, -1/51 HPs)
             Began as a Gargoyle Fighter on Oct 15, 2022.
             Slain by Duvessa
             ... wielding a +0 short sword
              (5 damage)
             ... on level 6 of the Dungeon.
             The game lasted 00:01:51 (4810 turns).

qw the Cleaver (Gargoyle Fighter)                   Turns: 4810, Time: 00:01:52

Health: -1/51      AC: 16    Str: 23    XL:     8   Next: 85%
Magic:  8/8        EV:  8    Int:  8    God:
Gold:   222        SH:  4    Dex: 13    Spells: 7/7 levels left

rFire   . . .      SeeInvis +    Y - +1 war axe
rCold   . . .      Faith    .    c - +0 buckler
rNeg    + . .      Spirit   .    u - +0 chain mail
rPois   inf        Reflect  .    i - +0 helmet
rElec   +          Harm     .    (no cloak)
rCorr   .          Rampage  .    (no gloves)
Will    .....                    (no boots)
Stlth   ..........               (no amulet)
HPRegen 0.28/turn                (no ring)
MPRegen 0.11/turn                f - ring of Lust {*Slow Fly Dex+4 Slay+3 SInv}

@: about to teleport, flying
A: sickness immunity, AC +5, negative energy resistance 1, electricity
resistance, torment resistance 1, petrification resistance
a: no special abilities


You were on level 6 of the Dungeon.
You visited 2 branches of the dungeon, and saw 7 of its levels.

You collected 222 gold pieces.


Innate Abilities, Weirdness & Mutations

You are immune to sickness and miasma.
Your stone body is resilient. (AC +5)
You are immune to poison.
You resist negative energy. (rN+)
You are resistant to electric shocks. (rElec)
You are resistant to unholy torment.
You are immune to petrification.


   Skills:
 - Level 6.1 Fighting
 + Level 8.0 Axes
 - Level 2.2 Throwing
 - Level 4.2 Armour
 - Level 1.6 Dodging
 - Level 3.2 Shields


You had 7 spell levels left.
You didn't know any spells.
Your spell library was empty.

Inventory:

Hand Weapons
 a - a +1 morningstar of flaming
 Y - a +1 war axe (weapon)
Missiles
 g - 4 boomerangs (quivered)
 s - a javelin
Armour
 c - a +0 buckler (worn)
 i - a +0 helmet (worn)
 u - a +0 chain mail (worn)
Jewellery
 f - the ring of Lust (right hand) {*Slow Fly Dex+4 Slay+3 SInv}
   (You took it off an orc on level 5 of the Dungeon)

   [ring of flight]

   Dex:       It affects your dexterity (+4).
   Slay:      It affects your accuracy & damage with ranged weapons and melee
   (+3).
   SInv:      It lets you see invisible.
   Fly:       It grants you flight.
   *Slow:     It may slow you when you take damage.
 p - a ring of see invisible
Scrolls
 b - a scroll of brand weapon {unknown}
 k - 2 scrolls of identify
Potions
 d - 2 potions of might
 e - a potion of attraction
 l - a potion of haste
 m - a potion of curing
 o - a potion of lignification

Dungeon Overview and Level Annotations

Branches:
Dungeon (6/15)             Temple (1/1) D:4

Altars:
Cheibriados
Dithmenos
Elyvilon
Gozag
Hepliaklqana
Kikubaaqudgha
Makhleb
Nemelex Xobeh
Qazlal
Ru
Sif Muna
Trog
Vehumet
Wu Jian
Xom
Yredelemnul
The Shining One

Annotations:
D:6 Duvessa


Message History

Duvessa closely misses you. Dowan closely misses you.
You barely miss Dowan.
Dowan is severely wounded.
You hit Duvessa but do no damage. Duvessa hits you but does no damage.
Dowan barely misses you.
You slash Dowan!
You kill Dowan!
Duvessa screams in rage.
Duvessa goes berserk!
You hit Duvessa. Duvessa hits you with a +0 short sword!
Duvessa hits you with a +0 short sword.
Your Armour skill increases to level 4!
You barely miss Duvessa.
Duvessa is heavily wounded.
Duvessa barely misses you.
You slash Duvessa!
Duvessa is severely wounded.
Duvessa hits you with a +0 short sword! Duvessa hits you but does no damage.
You hit Duvessa.
Duvessa is severely wounded.
Duvessa hits you but does no damage. Duvessa barely misses you.
You closely miss Duvessa.
Duvessa is severely wounded.
Duvessa hits you but does no damage. Duvessa hits you with a +0 short sword!
You barely miss Duvessa.
Duvessa is severely wounded.
You block Duvessa's attack.
You hit Duvessa.
Duvessa is severely wounded.
You block Duvessa's attack. Duvessa hits you with a +0 short sword.
You slash Duvessa!
Duvessa is almost dead.
Duvessa hits you with a +0 short sword. x2
4809 ||| READING scroll of teleportation.
As you read the scroll of teleportation, it crumbles to dust.
You feel strangely unstable. Duvessa hits you but does no damage.
You hit Duvessa but do no damage.
Duvessa is almost dead.
Duvessa hits you with a +0 short sword.
You die...

.. . #. #.###.####
.........# .........#
.........##
......)e..######
.......@........
................
................
.........#######
.....$...## ########..##
########## ##..##
#........# ######
##..###........# ####
#.....######.##..)......#


You could see Duvessa (berserk).

Vanquished Creatures
  Grinder (D:3)
  Sigmund (D:2)
  Eustachio (D:5)
  An ice beast (D:6)
  An ogre (D:5)
  A kobold brigand (D:4)
  A gnoll sergeant (D:6)
  A scorpion (D:5)
  Dowan (D:6)
  3 hounds
  2 orc priests
  A jelly (D:5)
  An iguana (D:6)
  Natasha (thrice) (D:2)
  An orc wizard (D:6)
  Robin (D:2)
  7 gnolls
  11 adders
  A shadow imp (D:5)
  A white imp (D:5)
  3 worms
  2 dart slugs
  11 orcs
  9 ball pythons
  6 bats
  An endoplasm (D:4)
  6 giant cockroaches
  15 goblins
  7 hobgoblins
  2 jackals (D:5)
  11 kobolds
  A quokka (D:5)
  A frilled lizard (D:3)
  5 rats
121 creatures vanquished.

Notes
Turn   | Place    | Note
-------+----------+-------------------------------------------
     0 | D:1      | qw the Gargoyle Fighter began the quest for the Orb.
     0 | D:1      | Reached XP level 1. HP: 14/14 MP: 1/1
     0 | D:1      | 0 ||| qw: Version: 0.2-a-19-gadd0ef8
     0 | D:1      | 0 ||| qw: Game counter: 6
     0 | D:1      | 0 ||| qw: Always use a shield: true
     0 | D:1      | 0 ||| qw: God list: Okawaru
     0 | D:1      | 0 ||| qw: Allow faded altars: false
     0 | D:1      | 0 ||| qw: Do Orc after D:15 true
     0 | D:1      | 0 ||| qw: Do second Lair branch before Depths: true
     0 | D:1      | 0 ||| qw: Lair rune preference: random
     0 | D:1      | 0 ||| qw: Plans: Normal, Zot:1-4, God:TSO, Crypt, Tomb,
                  | Pan, Slime:5, Hells, Abyss, Orb
     0 | D:1      | 0 ||| PLANNING D:1-11
    89 | D:1      | 89 ||| Stepping ~*~*~tactically~*~*~ (stealth).
   108 | D:1      | Reached skill level 2 in Axes
   178 | D:1      | 178 ||| Stepping ~*~*~tactically~*~*~ (stealth).
   178 | D:1      | Found a faded altar of an unknown god.
   181 | D:1      | 181 ||| Stepping ~*~*~tactically~*~*~ (stealth).
   182 | D:1      | 182 ||| Stepping ~*~*~tactically~*~*~ (stealth).
   183 | D:1      | 183 ||| Stepping ~*~*~tactically~*~*~ (stealth).
   188 | D:1      | Reached XP level 2. HP: 18/19 MP: 2/2
   192 | D:1      | 192 ||| Stepping ~*~*~tactically~*~*~ (hiding).
   208 | D:1      | 208 ||| Stepping ~*~*~tactically~*~*~ (stealth).
   209 | D:1      | 209 ||| Stepping ~*~*~tactically~*~*~ (stealth).
   235 | D:1      | 235 ||| Stepping ~*~*~tactically~*~*~ (stealth).
   551 | D:1      | Reached skill level 3 in Axes
   703 | D:1      | Reached XP level 3. HP: 23/23 MP: 3/3
   712 | D:1      | 712 ||| UPGRADING to +1 hat.
   717 | D:1      | 717 ||| DROPPING orb of light.
   718 | D:1      | 718 ||| READING scroll labelled COPTUM KIAFEVI.
   718 | D:1      | Identified a scroll of acquirement
   718 | D:1      | 718 ||| ACQUIRING +1 morningstar of flaming
   718 | D:1      | Acquired a +1 morningstar of flaming
   720 | D:1      | 720 ||| DROPPING +0 whip.
   721 | D:1      | 721 ||| READING 3 scrolls labelled WYBLOPHIBI.
   722 | D:1      | 722 ||| DROPPING 2 scrolls of poison.
   766 | D:2      | Reached skill level 1 in Throwing
   897 | D:2      | Noticed Natasha
   900 | D:2      | Noticed Sigmund
   907 | D:2      | Killed Natasha
   908 | D:2      | Reached XP level 4. HP: 23/28 MP: 4/4
   912 | D:2      | 912 ||| FLEEEEING.
   915 | D:2      | 915 ||| STAIRDANCE
   932 | D:1      | 932 ||| DROPPING +6 ring of intelligence.
   938 | D:2      | Noticed Natasha
   945 | D:2      | Killed Natasha
   948 | D:2      | 948 ||| Stepping ~*~*~tactically~*~*~ (hiding).
   960 | D:2      | Killed Sigmund
   961 | D:2      | Reached skill level 5 in Axes
   961 | D:2      | Reached XP level 5. HP: 23/32 MP: 5/5
   961 | D:2      | Reached XP level 6. HP: 27/37 MP: 6/6
  1065 | D:2      | Noticed Natasha
  1066 | D:2      | 1066 ||| Stepping ~*~*~tactically~*~*~ (stealth).
  1068 | D:2      | 1068 ||| Stepping ~*~*~tactically~*~*~ (hiding).
  1077 | D:2      | Killed Natasha
  1143 | D:2      | 1143 ||| Stepping ~*~*~tactically~*~*~ (stealth).
  1205 | D:2      | 1205 ||| Stepping ~*~*~tactically~*~*~ (stealth).
  1207 | D:2      | 1207 ||| Stepping ~*~*~tactically~*~*~ (stealth).
  1209 | D:2      | Noticed Robin
  1210 | D:2      | 1210 ||| Stepping ~*~*~tactically~*~*~ (stealth).
  1225 | D:2      | Killed Robin
  1647 | D:2      | 1647 ||| UPGRADING to +0 helmet.
  1657 | D:2      | 1657 ||| DROPPING +1 hat.
  1658 | D:2      | 1658 ||| READING scroll labelled IBBINUE TIDGHAWK.
  1659 | D:2      | 1659 ||| DRINKING 3 cyan potions.
  1660 | D:2      | 1660 ||| DROPPING 2 potions of degeneration.
  1731 | D:3      | Noticed Grinder
  1732 | D:3      | 1732 ||| Stepping ~*~*~tactically~*~*~ (hiding).
  1748 | D:3      | Killed Grinder
  1749 | D:3      | Reached skill level 6 in Axes
  1749 | D:3      | Reached XP level 7. HP: 16/43 MP: 7/7
  1819 | D:3      | 1819 ||| Stepping ~*~*~tactically~*~*~ (stealth).
  2062 | D:3      | Noticed a moth of wrath
  2066 | D:3      | Found a bloodstained altar of Trog.
  2414 | D:3      | 2414 ||| UPGRADING to ring of see invisible.
  2415 | D:3      | 2415 ||| READING 2 scrolls labelled ALLIECR CUOBBU.
  2419 | D:3      | 2419 ||| READING 3 scrolls labelled POTOOS IMUCOGH.
  2420 | D:3      | 2420 ||| DRINKING 2 purple potions.
  2421 | D:3      | 2421 ||| DRINKING 2 yellow potions.
  2422 | D:3      | 2422 ||| READING 2 scrolls of identify.
  2422 | D:3      | 2422 ||| IDENTIFYING puce potion
  2423 | D:3      | 2423 ||| DROPPING potion of brilliance.
  2424 | D:3      | 2424 ||| DROPPING potion of flight.
  2461 | D:4      | 2461 ||| Stepping ~*~*~tactically~*~*~ (stealth).
  2462 | D:4      | 2462 ||| Stepping ~*~*~tactically~*~*~ (stealth).
  2464 | D:4      | 2464 ||| Stepping ~*~*~tactically~*~*~ (hiding).
  2640 | D:4      | Found a staircase to the Ecumenical Temple.
  2641 | D:4      | 2641 ||| PLANNING TEMPLE
  2651 | D:4      | Reached skill level 7 in Axes
  2666 | D:4      | 2666 ||| DRINKING 2 glowing sapphire potions.
  2667 | D:4      | 2667 ||| DRINKING 2 pink potions.
  2673 | Temple   | Entered the Ecumenical Temple
  2814 | Temple   | 2814 ||| PLANNING D:1-11
  2893 | D:4      | Found a radiant altar of Vehumet.
  2996 | D:4      | 2996 ||| Stepping ~*~*~tactically~*~*~ (stealth).
  3568 | D:4      | 3568 ||| DROPPING orb of wrath.
  3569 | D:4      | 3569 ||| UPGRADING to +0 chain mail.
  3579 | D:4      | 3579 ||| DROPPING +0 scale mail.
  3580 | D:4      | 3580 ||| READING scroll labelled HEIZXA DISEOCS.
  3581 | D:4      | 3581 ||| READING scroll labelled YMIBIS AWOTI.
  3582 | D:4      | 3582 ||| READING scroll labelled NUGIK YMPAIDOH.
  3583 | D:4      | 3583 ||| DRINKING 2 murky sapphire potions.
  3584 | D:4      | 3584 ||| READING 2 scrolls of identify.
  3584 | D:4      | 3584 ||| IDENTIFYING emerald potion
  3585 | D:4      | 3585 ||| DROPPING potion of ambrosia.
  3624 | D:5      | Entered Level 5 of the Dungeon
  3662 | D:5      | Found a sacrificial altar of Ru.
  3711 | D:5      | Found an ancient bone altar of Kikubaaqudgha.
  3794 | D:5      | Reached skill level 1 in Dodging
  3794 | D:5      | Reached XP level 8. HP: 44/49 MP: 8/8
  3877 | D:5      | 3877 ||| Stepping ~*~*~tactically~*~*~ (stealth).
  3882 | D:5      | 3882 ||| Stepping ~*~*~tactically~*~*~ (hiding).
  3888 | D:5      | 3888 ||| Stepping ~*~*~tactically~*~*~ (stealth).
  3892 | D:5      | 3892 ||| Stepping ~*~*~tactically~*~*~ (stealth).
  3931 | D:5      | 3931 ||| Stepping ~*~*~tactically~*~*~ (stealth).
  4007 | D:5      | 4007 ||| Stepping ~*~*~tactically~*~*~ (hiding).
  4008 | D:5      | 4008 ||| Stepping ~*~*~tactically~*~*~ (hiding).
  4016 | D:5      | Identified the ring of Lust {*Slow Fly Dex+4 Slay+3 SInv}
  4190 | D:5      | 4190 ||| UPGRADING to ring of Lust {*Slow Fly Dex+4 Slay+3
                  | SInv}.
  4191 | D:5      | 4191 ||| REMOVING ring of see invisible.
  4192 | D:5      | 4192 ||| READING scroll labelled NURUR TESUEWA.
  4193 | D:5      | 4193 ||| READING 3 scrolls of identify.
  4193 | D:5      | 4193 ||| IDENTIFYING viscous sapphire potion
  4214 | D:6      | Noticed Eustachio
  4223 | D:6      | 4223 ||| STAIRDANCE
  4230 | D:6      | 4230 ||| STAIRDANCE
  4234 | D:5      | Killed Eustachio
  4276 | D:6      | 4276 ||| Stepping ~*~*~tactically~*~*~ (hiding).
  4357 | D:6      | 4357 ||| Stepping ~*~*~tactically~*~*~ (hiding).
  4373 | D:6      | Reached skill level 8 in Axes
  4377 | D:6      | HP: 9/50 [gnoll/+0 halberd[a gnoll sergeant] (9)]
  4378 | D:6      | 4378 ||| READING 2 scrolls of teleportation.
  4379 | D:6      | 4379 ||| DRINKING potion of heal wounds.
  4561 | D:6      | Reached skill level 6 in Fighting
  4793 | D:6      | Noticed Duvessa
  4794 | D:6      | Noticed Dowan
  4801 | D:6      | Killed Dowan
  4808 | D:6      | HP: 8/51 [Duvessa/+0 short sword (5)]
  4808 | D:6      | HP: 3/51 [Duvessa/+0 short sword (5)]
  4809 | D:6      | 4809 ||| READING scroll of teleportation.
  4810 | D:6      | Slain by Duvessa

Levels and vault maps discovered:
D:1:      lightli_arrival_maybe_door_vault, layout_basic,
          chequers_ecumenical_altar_simple_redux, minmay_pentomino_r4
D:2:      layout_basic, uniq_sigmund, uniq_natasha, uniq_robin
D:3:      layout_basic, tgw_trog, uniq_grinder
D:4:      minmay_inner_zag, layout_basic, mainiacjoe_overflow_24_doors,
          minmay_temple_entry_hall, st_stairs_2, minmay_misc_feat_rows
D:5:      layout_basic, nicolae_ru_awakened_eye,
          nicolae_kikubaaqudgha_miasma_corner
D:6:      layout_rooms, chequers_temple_overflow_minitemple, patterned_corridor,
          uniq_duvessa, uniq_eustachio, uniq_crazy_yiuf_cottage
Temple:   hellmonk_temple_forest_ring

Skill      XL: |  1  2  3  4  5  6  7  8 |
---------------+-------------------------+-----
Axes           | 2 3 5 6 7 8 |  8.0
Throwing       | 1 2 |  2.2
Fighting       | 4 5 6 |  6.1
Dodging        | 1 |  1.6
Armour         | 4 |  4.2
Shields        | |  3.2

Action                   |  1- 3 |  4- 6 |  7- 9 || total
-------------------------+-------+-------+-------++-------
Melee: War axe           |    55 |    65 |   197 ||   317
Throw: Javelin           |     5 |    11 |    40 ||    56
       Boomerang         |       |       |    36 ||    36
  Use: Scroll            |     2 |     1 |    11 ||    14
       Potion            |       |     1 |     6 ||     7
Armor: Scale mail        |    28 |    18 |    38 ||    84
       Chain mail        |       |       |    52 ||    52
Dodge: Dodged            |    20 |    24 |    84 ||   128
Block: Buckler           |    15 |     8 |    28 ||    51

Table legend:
 A = Non-vault XP
 B = Vault XP
 C = Vault XP percentage of total XP
 D = Non-vault monster count
 E = Vault monster count
 F = Vault count percentage of total count
                 A         B        C        D         E       F
            +---------+---------+-------+---------+---------+-------
      Total |    1206 |     985 |  45.0 |      90 |      31 |  25.6
            +---------+---------+-------+---------+---------+-------
        D:1 |      27 |       7 |  20.6 |      15 |       3 |  16.7
        D:2 |     109 |     297 |  73.2 |       9 |      14 |  60.9
        D:3 |      61 |     308 |  83.5 |      17 |       6 |  26.1
        D:4 |     108 |     113 |  51.1 |      14 |       6 |  30.0
        D:5 |     396 |     191 |  32.5 |      19 |       1 |   5.0
        D:6 |     505 |      69 |  12.0 |      16 |       1 |   5.9
            +---------+---------+-------+---------+---------+-------
